 Dungeon Crawl Stone Soup version 0.31.0-9-g3a7656b989 (webtiles) character file.

Game seed: 3984914106143419452

4777 Azzok the Cleaver (level 10, -5/80 HPs)
             Began as a Formicid Fighter on Jan 24, 2024.
             Was a Priest of Okawaru.
             Slain by a gnoll sergeant
             ... wielding a +0 bardiche
              (11 damage)
             ... in a bailey.
             The game lasted 00:11:56 (9636 turns).

Azzok the Cleaver (Formicid Fighter)                Turns: 9636, Time: 00:11:57

Health: -5/80      AC: 15    Str: 25    XL:     10   Next: 75%
Magic:  15/15      EV: 11    Int:  8    God:    Okawaru [***...]
Gold:   281        SH:  7    Dex: 13    Spells: 9/9 levels left

rFire   . . .        a - +0 war axe
rCold   . . .        c - +0 buckler
rNeg    . . .        t - +0 chain mail
rPois   .            (helmet unavailable)
rElec   .            F - scarf {repulsion}
rCorr   .            s - +0 pair of gloves
SInv    +            u - +0 pair of boots
Will    +....        (no amulet) Stlth
                     (no ring)
HPRegen 0.33/turn    (no ring)
MPRegen 0.14/turn

%: repel missiles
@: heroic, weakened
A: permanent stasis, dig shafts and tunnels, antennae 3, four strong arms
a: Dig, Renounce Religion, Heroism


You were in a bailey.
You worshipped Okawaru.
Okawaru was most pleased with you.
You visited 2 branches of the dungeon, and saw 9 of its levels.
You also visited: Bailey.

You collected 281 gold pieces.

Inventory:

Hand Weapons
 a - a +0 war axe (weapon)
 E - a +2 spear of venom
Missiles
 H - 6 throwing nets
Armour
 c - a +0 buckler (worn)
 s - a +0 pair of gloves (worn)
 t - a +0 chain mail (worn)
 u - a +0 pair of boots (worn)
 y - a +0 cloak
 F - a scarf of repulsion (worn)
Jewellery
 G - an amulet of reflection
 I - a ring of poison resistance
Talismans
 f - a talisman of death
Wands
 q - a wand of mindburst (8)
 r - a wand of roots (13)
 B - a wand of flame (7)
Scrolls
 d - a scroll of noise {unknown}
 g - 3 scrolls of immolation
 j - 3 scrolls of enchant weapon {unknown}
 k - 2 scrolls of amnesia {unknown}
 l - 2 scrolls of vulnerability {unknown}
 m - 3 scrolls of blinking {unknown}
 n - 7 scrolls of teleportation {unknown}
 o - a scroll of silence {unknown}
 p - 2 scrolls of fear {unknown}
 w - a scroll of enchant armour {unknown}
Potions
 e - a potion of curing
 h - 3 potions of attraction
 i - a potion of resistance
 v - 2 potions of enlightenment {unknown}
 x - a potion of ambrosia {unknown}
 z - a potion of lignification {unknown}
 A - a potion of mutation {unknown}
 C - a potion of invisibility {unknown}
 D - a potion of haste {unknown}


   Skills:
 + Level 8.2(13.2) Fighting
 * Level 9.8(14.8) Axes
 + Level 8.1(13.1) Armour
 - Level 6.0(11.0) Shields
 + Level 6.8 Invocations


You had 9 spell levels left.
You didn't know any spells.
Your spell library contained the following spells:

 Spells                   Type           Power      Damage    Failure   Level
 Magic Dart               Conj           0%         1d3       87%         1
 Searing Ray              Conj           0%         2d4       95%         2
 Sublimation of Blood     Necr           0%         N/A       95%         2
 Volatile Blastmotes      Fire/Tloc      0%         2d10      99%         3
 Fulminant Prism          Conj/Alch      0%         3d5       100%        4
 Iskenderun's Mystic Bla  Conj/Tloc      0%         2d3       100%        4
 Petrify                  Alch/Erth      0%         N/A       100%        4
 Irradiate                Conj/Alch      0%         3d11      100%        5
 Lee's Rapid Deconstruct  Erth           0%         3d4*      100%        5
 Animate Armour           Summ/Erth      Unusable   N/A       N/A         4
 Summon Lightning Spire   Summ/Air       Unusable   N/A       N/A         4

Dungeon Overview and Level Annotations

Branches:
Dungeon (8/15)             Temple (1/1) D:6          Bailey (1/1)
   Lair: D:8-11

Altars:
Ashenzari
Cheibriados
Dithmenos
Elyvilon
Fedhas
Gozag
Hepliaklqana
Kikubaaqudgha
Makhleb
Nemelex Xobeh
Okawaru
Qazlal
Ru
Sif Muna
Trog
Uskayaw
Vehumet
Wu Jian
Xom
Yredelemnul
Zin
The Shining One

Shops:
D:2 (*(

Annotations:
D:5 3 runed translucent doors, Skimidon's ghost, amateur DsEE


Innate Abilities, Weirdness & Mutations

You cannot be hasted, slowed, berserked, paralysed or teleported.
You can dig through walls and to a lower floor.
You have a pair of large antennae on your head. (SInv)
Your four strong arms can wield two-handed weapons with a shield.


Message History

You hit the wolf. x2
You kill the wolf!
Okawaru accepts your kill. The wolf bites you but does no damage.
You block the gnoll sergeant's attack.
The gnoll bouda calls upon its god to heal the gnoll sergeant.
The gnoll sergeant is healed somewhat.
You hit the gnoll sergeant but do no damage.
The gnoll sergeant is severely wounded.
You closely miss the wolf.
The gnoll bouda is no longer moving quickly.
The wolf bites you but does no damage.
The gnoll bouda barks out a call to the hunt!
The gnoll sergeant picks up the pace!
You block the gnoll sergeant's attack. The wolf closely misses you.
You hit the gnoll sergeant but do no damage.
The gnoll sergeant is severely wounded.
You hit the wolf.
You kill the wolf!
Okawaru accepts your kill.
The gnoll bouda barks out a call to the hunt!
The gnoll bouda picks up the pace!
The gnoll bouda hits you but does no damage.
The gnoll sergeant closely misses you. The gnoll bouda closely misses you.
The gnoll bouda calls upon its god to heal the gnoll sergeant.
The gnoll sergeant is healed somewhat.
Things that are here:
a +0 glaive; a +0 chain mail; a gnoll corpse You hit the gnoll bouda.
The gnoll bouda is lightly wounded.
You hit the gnoll sergeant. You block the gnoll bouda's attack.
The gnoll sergeant closely misses you.
The gnoll bouda hits you from afar with a +0 trident!
* * * LOW HITPOINT WARNING * * *
You barely miss the gnoll sergeant.
The gnoll sergeant is heavily wounded.
You hit the gnoll bouda but do no damage.
The gnoll bouda hits you but does no damage.
The gnoll sergeant hits you with a +0 bardiche!
You die...

♣≈≈···············
♣≈················
♣≈·▒▒▒▒▒▒'''▒▒▒▒▒▒
♣≈· ▒···▒
♣≈▒▒▒▒▒╬▒)··▒
♣≈▒·····▒·)·▒{{ {
▒8····▒▒'▒▒ {
▒··g·▒▒···▒▒{{ ·▒
▒g·@▒▒·····▒▒···▒
▒·†g▒·······▒···▒
▒▒▒†▒···8···▒···▒
▒···▒·······▒···▒
▒···▒▒·····▒▒···▒
▒····▒▒···▒▒····▒
▒8····▒▒'▒▒····8▒ ♣
▒·····▒···▒))···▒≈♣
▒▒···)'·)·)))··▒▒≈♣


You could see a gnoll sergeant (swift) and 2 gnoll boudas.

Vanquished Creatures
  An ugly thing (D:7)
  A cyclops (D:7)
  Maggie (D:7)
  Jeremiah (D:7)
  Prince Ribbit (D:7)
  A slime creature (D:7)
  4 yaks
  A water moccasin (D:6)
  2 ice beasts
  7 wolves (Bailey)
  2 centaurs
  4 lemures (D:7)
  5 gnoll sergeants (Bailey)
  3 wights (D:7)
  4 gnoll boudas
  4 hounds
  2 orc priests (D:7)
  Crazy Yiuf (D:4)
  2 jellies
  Jessica (D:3)
  4 iguanas
  6 orc wizards
  9 adders
  10 gnolls
  2 shadow imps
  2 white imps
  4 ufetubi
  A dart slug (D:3)
  2 ribbon worms
  29 orcs
  3 bats
  4 endoplasms
  4 giant cockroaches
  3 goblins
  12 hobgoblins
  4 jackals (D:1)
  9 kobolds
  3 quokkas
  6 ball pythons
  2 frilled lizards
  7 rats
174 creatures vanquished.

Notes
Turn   | Place    | Note
-------+----------+-------------------------------------------
     0 | D:1      | Azzok the Formicid Fighter began the quest for the Orb.
     0 | D:1      | Reached XP level 1. HP: 18/18 MP: 1/1
    99 | D:1      | Reached XP level 2. HP: 22/24 MP: 2/2
   645 | D:2      | Found Qedehus's Assorted Antiques.
   647 | D:2      | Found a snail-covered altar of Cheibriados.
   661 | D:2      | Found Peosyegi's Weapon Boutique.
   671 | D:2      | Reached XP level 3. HP: 26/29 MP: 3/3
   878 | D:2      | Found Hekivonu's Weapon Shoppe.
  1131 | D:2      | Found a faded altar of an unknown god.
  1169 | D:2      | Reached XP level 4. HP: 37/37 MP: 4/4
  1179 | D:2      | Reached skill level 3 in Axes
  1624 | D:3      | Noticed Jessica
  1628 | D:3      | Killed Jessica
  1679 | D:3      | Found a broken altar of Ashenzari.
  1690 | D:3      | Reached XP level 5. HP: 34/42 MP: 5/5
  2547 | D:4      | Reached skill level 5 in Shields
  2899 | D:4      | Noticed an ice beast
  2907 | D:4      | Killed an ice beast
  2908 | D:4      | Reached skill level 4 in Axes
  2908 | D:4      | Reached XP level 6. HP: 33/49 MP: 6/6
  3306 | D:4      | Found a runed translucent door.
  3307 | D:4      | Noticed Crazy Yiuf
  3341 | D:5      | Entered Level 5 of the Dungeon
  3348 | D:5      | Noticed Skimidon's ghost (amateur DsEE)
  3357 | D:5      | Found a runed translucent gate.
  3357 | D:5      | Found a runed translucent gate.
  3446 | D:5      | Found a runed translucent gate.
  3569 | D:5      | Reached XP level 7. HP: 42/55 MP: 7/7
  4545 | D:6      | Reached skill level 5 in Fighting
  4545 | D:6      | Reached skill level 5 in Axes
  4864 | D:6      | Found a staircase to the Ecumenical Temple.
  4871 | Temple   | Entered the Ecumenical Temple
  4883 | Temple   | Became a worshipper of Warmaster Okawaru
  4915 | D:6      | Noticed a water moccasin
  4921 | D:6      | Killed a water moccasin
  4922 | D:6      | Reached skill level 5 in Armour
  5023 | D:6      | Reached * piety under Okawaru
  5024 | D:6      | Reached skill level 1 in Invocations
  5024 | D:6      | Reached XP level 8. HP: 40/62 MP: 7/9
  6055 | D:4      | Killed Crazy Yiuf
  6179 | D:7      | Noticed a yak
  6179 | D:7      | Noticed a yak
  6179 | D:7      | Noticed a yak
  6179 | D:7      | Noticed a yak
  6240 | D:6      | Killed a yak
  6241 | D:6      | Reached skill level 6 in Axes
  6316 | D:6      | Killed a yak
  6452 | D:7      | Killed a yak
  6712 | D:7      | Reached XP level 9. HP: 50/69 MP: 11/11
  6863 | D:7      | Reached skill level 7 in Axes
  7018 | D:7      | Noticed Prince Ribbit
  7394 | D:7      | Noticed Pikel
  7719 | D:7      | Killed Prince Ribbit
  7724 | D:7      | Noticed a purple ugly thing
  7860 | D:7      | Killed a purple ugly thing
  7860 | D:7      | Reached ** piety under Okawaru
  7861 | D:7      | Reached skill level 8 in Axes
  7861 | D:7      | Reached skill level 5 in Invocations
  8156 | D:7      | Noticed a cyclops
  8208 | D:7      | Killed a cyclops
  8209 | D:7      | Reached XP level 10. HP: 35/79 MP: 10/14
  8347 | D:7      | Noticed Maggie
  8367 | D:7      | Killed Maggie
  8368 | D:7      | Reached skill level 9 in Axes
  8708 | D:7      | Noticed Jeremiah
  8720 | D:7      | Killed Jeremiah
  8939 | D:8      | Found a flagged portal.
  8995 | Bailey   | Entered a bailey
  9388 | Bailey   | Reached *** piety under Okawaru
  9636 | Bailey   | Slain by a gnoll sergeant

Illustrated notes

Levels and vault maps discovered:
D:1:      eino_arrival_water_star, layout_loops_cross,
          nicolae_twisty_statue_hallways
D:2:      layout_loops_corners, shapermc_ecumenical_altar_totnotflames,
          basic_altar, serial_shops, nicolae_shop_gibbet_a_chance, shop, shop,
          minmay_misc_feat_tiny
D:3:      layout_loops_cross, evilmike_ruin_ashenzari, uniq_jessica
D:4:      layout_basic, serial_library_regret_index_multi,
          kennysheep_another_room, uniq_crazy_yiuf_cottage
D:5:      layout_basic, gammafunk_ghost_split, nicolae_letterblocks
          [nicolae_letter_subblock, nicolae_letter_subblock,
          nicolae_letter_subblock, nicolae_letter_subblock,
          nicolae_letter_subblock, nicolae_letter_subblock,
          nicolae_letter_subblock, nicolae_letter_subblock,
          nicolae_letter_subblock, nicolae_letter_subblock,
          nicolae_letter_subblock, nicolae_letter_subblock,
          nicolae_letter_subblock, nicolae_letter_subblock,
          nicolae_letter_subblock, nicolae_letter_subblock,
          nicolae_letter_subblock, nicolae_letter_subblock,
          nicolae_letter_subblock, nicolae_letter_subblock,
          nicolae_letter_subblock, nicolae_letter_subblock,
          nicolae_letter_subblock, nicolae_letter_subblock,
          nicolae_letter_subblock]
D:6:      layout_layer_cave, minmay_temple_entry_statues_pillars,
          bh_walls_and_bars
D:7:      layout_basic, kb_rosetta, uniq_prince_ribbit1, uniq_pikel,
          uniq_jeremiah, uniq_maggie
D:8:      layout_basic, enter_bailey_4
Temple:   mainiacjoe_temple_circle_huts
Bailey:   bailey_polearm_gnolls_kennysheep, bailey

Skill      XL: |  1  2  3  4  5  6  7  8  9 10 |
---------------+-------------------------------+-----
Axes           | 3 4 5 6 8 9 |  9.8
Fighting       | 4 5 6 7 8 |  8.2
Armour         | 4 5 6 7 8 |  8.1
Shields        | 5 6 |  6.0
Invocations    | 1 3 5 6 |  6.8

Action                     |  1- 3 |  4- 6 |  7- 9 | 10-12 || total
---------------------------+-------+-------+-------+-------++-------
  Melee: Spear             |    32 |       |       |       ||    32
         War axe           |    39 |   179 |   308 |   124 ||   650
         Hand axe          |       |       |     7 |       ||     7
 Invoke: Heroism           |       |       |     4 |     3 ||     7
  Evoke: Wand              |       |       |     1 |       ||     1
    Use: Potion            |       |     1 |     1 |     2 ||     4
         Scroll            |       |       |     7 |       ||     7
 Armour: Scale mail        |    59 |    56 |       |       ||   115
         Chain mail        |       |    70 |   258 |   175 ||   503
  Dodge: Dodged            |    32 |    74 |   131 |    98 ||   335
  Block: Buckler           |    22 |    41 |    84 |    91 ||   238
